 Dungeon Crawl Stone Soup version 0.29.0-4-gdea44cf6ec (webtiles) character file.

Game seed: 2910485855301653646

63 qw the Sneak (level 4, -5/28 HPs)
             Began as a Gargoyle Delver on Sept 10, 2022.
             Slain by an iguana (7 damage)
             ... on level 5 of the Dungeon.
             The game lasted 00:00:05 (271 turns).

qw the Sneak (Gargoyle Delver)                       Turns: 271, Time: 00:00:06

Health: -5/28      AC:  6    Str: 18    XL:     4   Next: 9%
Magic:  4/4        EV: 11    Int: 10    God:
Gold:   17         SH:  0    Dex: 11    Spells: 3/3 levels left

rFire   . . .      SeeInvis .   a - +0 hand axe
rCold   . . .      Faith    .   (no shield)
rNeg    + . .      Spirit   .   b - +0 leather armour
rPois   inf        Reflect  .   (no helmet)
rElec   +          Harm     .   (no cloak)
rCorr   .          Rampage  .   (no gloves)
Will    .....                   (no boots)
Stlth   +++.......              (no amulet)
HPRegen 0.09/turn               (no ring)
MPRegen 0.09/turn               (no ring)

@: no status effects
A: sickness immunity, AC +3, negative energy resistance 1, electricity
resistance, torment resistance 1, petrification resistance
a: no special abilities


You were on level 5 of the Dungeon.
You visited 1 branch of the dungeon, and saw 1 of its levels.

You collected 17 gold pieces.


Innate Abilities, Weirdness & Mutations

You are immune to sickness and miasma.
Your stone body is resilient. (AC +3)
You are immune to poison.
You resist negative energy. (rN+)
You are resistant to electric shocks. (rElec)
You are resistant to unholy torment.
You are immune to petrification.


   Skills:
 - Level 3.2 Fighting
 + Level 3.9 Axes
 - Level 1.5 Dodging
 - Level 5.4 Stealth


You had 3 spell levels left.
You didn't know any spells.
Your spell library was empty.

Inventory:

Hand Weapons
 a - a +0 hand axe (weapon)
 k - a +0 club
Armour
 b - a +0 leather armour (worn)
 j - a +0 scale mail
 o - a +0 pair of gloves
Jewellery
 h - a +6 ring of dexterity
Wands
 g - a wand of digging (3)
Scrolls
 c - a scroll of fog
 d - a scroll of magic mapping
 e - a scroll of fear
 i - a scroll of blinking {unknown}
 m - a scroll of identify {unknown}
 n - a scroll of amnesia {unknown}
Potions
 f - a potion of haste
 l - a potion of heal wounds {unknown}

Dungeon Overview and Level Annotations

Branches:
Dungeon (5/15)
 Temple: D:4-7

Altars:

Shops:
D:5 ?


Message History

There is an entrance to Ralerau's Magic Scroll Boutique here.
249 ||| SHOPLISTING 3 scrolls of teleportation (108 gold, have 17).
You can access your shopping list by pressing '$'.
249 ||| SHOPLISTING scroll of identify (24 gold, have 17).
You can access your shopping list by pressing '$'.
249 ||| SHOPLISTING scroll of teleportation (36 gold, have 17).
You can access your shopping list by pressing '$'.
n - a scroll labelled LOHAVYA LOKEOG
o - a +0 pair of gloves
Found an escape hatch in the ceiling.
A scorpion comes into view.
258 ||| Stepping ~*~*~tactically~*~*~ (stealth).
An iguana and an ufetubus come into view.
The ufetubus shouts!
The iguana hisses angrily.
You hit the iguana but do no damage. Your punch misses the iguana.
The iguana bites you but does no damage.
You hit the iguana.
The iguana is lightly wounded.
The iguana barely misses you.
A hound comes into view.
You closely miss the iguana.
The iguana is lightly wounded.
The hound barks!
You hit the ufetubus.
You hear a shout!
The ufetubus closely misses you. x2; The iguana bites you!
An iguana comes into view.
The ufetubus barely misses you. x2; The iguana bites you!
You slash the ufetubus!
You kill the ufetubus!
You hit the iguana but do no damage. The iguana barely misses you.
You hit the iguana. You punch the iguana.
The iguana is severely wounded.
The iguana bites you.
You hit the iguana but do no damage.
The iguana is severely wounded.
The iguana bites you!
You die...

.##...###.# ##.#
#.....\...# .......
. #.. #......####
###....#
#.##..###..##..#
#.....
......#....##..#
..........##.######.
#.................
#<..#.###.######..
#...#.# #.# ...#.l@#
#.# ... #..s# #..
.......h. ..#
............#
########....s ...l
?.... ......


You could see a scorpion, 2 iguanas and a hound.

Vanquished Creatures
  2 hounds (D:5)
  An ufetubus (D:5)
3 creatures vanquished.

Notes
Turn   | Place    | Note
-------+----------+-------------------------------------------
     0 | D:5      | qw the Gargoyle Delver began the quest for the Orb.
     0 | D:5      | Reached XP level 1. HP: 14/14 MP: 1/1
     0 | D:5      | 0 ||| qw: Version: 0.1-a-116-g5d60599
     0 | D:5      | 0 ||| qw: Game counter: 8191
     0 | D:5      | 0 ||| qw: Always use a shield: true
     0 | D:5      | 0 ||| qw: God list: Okawaru
     0 | D:5      | 0 ||| qw: Allow faded altars: false
     0 | D:5      | 0 ||| qw: Do Orc after D:15 true
     0 | D:5      | 0 ||| qw: Do second Lair branch before Depths: true
     0 | D:5      | 0 ||| qw: Lair rune preference: random
     0 | D:5      | 0 ||| qw: Plans: Normal
     0 | D:5      | 0 ||| PLANNING D:1-11
    56 | D:5      | Noticed a hound
    66 | D:5      | Killed a hound
    67 | D:5      | Reached skill level 3 in Axes
    67 | D:5      | Reached XP level 2. HP: 15/19 MP: 2/2
    67 | D:5      | Reached XP level 3. HP: 19/23 MP: 3/3
   125 | D:5      | Found Ralerau's Magic Scroll Boutique.
   146 | D:5      | Reached XP level 4. HP: 19/28 MP: 4/4
   249 | D:5      | 249 ||| SHOPLISTING 3 scrolls of teleportation (108 gold,
                  | have 17).
   249 | D:5      | 249 ||| SHOPLISTING scroll of identify (24 gold, have 17).
   249 | D:5      | 249 ||| SHOPLISTING scroll of teleportation (36 gold, have
                  | 17).
   257 | D:5      | Noticed a scorpion
   258 | D:5      | 258 ||| Stepping ~*~*~tactically~*~*~ (stealth).
   268 | D:5      | HP: 6/28 [iguana (11)]
   270 | D:5      | HP: 2/28 [iguana (4)]
   271 | D:5      | Slain by an iguana

Levels and vault maps discovered:
D:5:      layout_rooms, ebering_ghost_rock_garden, serial_shops,
          nicolae_square_shop

Skill      XL: |  1 |
---------------+----+-----
Axes           | 3 |  3.9
Fighting       | |  3.2
Dodging        | |  1.5
Stealth        | |  5.4

Action                   |  1- 3 |  4- 6 || total
-------------------------+-------+-------++-------
Melee: Hand axe          |    15 |     6 ||    21
       Punch             |       |     1 ||     1
Armor: Leather armour    |     6 |     1 ||     7
Dodge: Dodged            |    11 |     6 ||    17

Table legend:
 A = Non-vault XP
 B = Vault XP
 C = Vault XP percentage of total XP
 D = Non-vault monster count
 E = Vault monster count
 F = Vault count percentage of total count
                 A         B        C        D         E       F
            +---------+---------+-------+---------+---------+-------
      Total |      90 |       0 |   0.0 |       3 |       0 |   0.0
            +---------+---------+-------+---------+---------+-------
        D:5 |      90 |       0 |   0.0 |       3 |       0 |   0.0
            +---------+---------+-------+---------+---------+-------
